 Dungeon Crawl Stone Soup version 0.22-a0-515-g75794bf (webtiles) character file.

121 inc the Digger (level 5, 0/31 HPs)
             Began as an Octopode Earth Elementalist on June 19, 2018.
             Slain by an ice beast (7 damage)
             ... on level 3 of the Dungeon.
             The game lasted 00:02:42 (2598 turns).

inc the Digger (Octopode Earth Elementalist)        Turns: 2598, Time: 00:02:43

Health: 0/31       AC:  1    Str:  7    XL:     5   Next: 5%
Magic:  6/8        EV: 13    Int: 18    God:
Gold:   76         SH:  0    Dex: 13    Spells: 7/8 levels left

rFire    . . .     SeeInvis .   s - +4 dagger
rCold    . . .     Gourm    .   (no shield)
rNeg     . . .     Faith    .   (helmet restricted)
rPois    .         Spirit   .   (no amulet)
rElec    .         Reflect  .   (no ring)
rCorr    .         Harm     .   (no ring)
MR       .....                  (no ring)
Stlth    +++.......             (no ring)
HPRegen  0.10/turn              (no ring)
MPRegen  0.11/turn              (no ring)
                                (no ring)
                                (no ring)

@: no status effects
A: almost no armour, stealthy swim, amphibious, 8 rings, constrict 8, camouflage
1, gelatinous body 1
a: no special abilities


You were on level 3 of the Dungeon.
You were hungry.

You visited 1 branch of the dungeon, and saw 3 of its levels.

You collected 76 gold pieces.

Inventory:

Hand Weapons
 j - a +0 short sword
 l - a +0 rapier
 s - a +4 dagger (weapon)
Missiles
 b - 72 stones (quivered)
Magical Staves
 r - an uncursed staff of summoning
Scrolls
 a - 4 scrolls of identify {unknown}
 d - a scroll of enchant armour {unknown}
 e - 4 scrolls of remove curse {unknown}
 h - a scroll of fear {unknown}
 o - 2 scrolls of teleportation {unknown}
Potions
 f - a potion of lignification {unknown}
 g - a potion of might {unknown}
 i - 2 potions of haste {unknown}
 k - 4 potions of brilliance {unknown}
 m - 2 potions of agility {unknown}
 n - 2 potions of curing {unknown}
 p - a potion of heal wounds {unknown}
Comestibles
 c - 6 rations


   Skills:
 - Level 2.0 Dodging
 - Level 2.6 Stealth
 - Level 2.0 Spellcasting
   Level 1.0 Transmutations
 + Level 5.6 Earth Magic


You had 7 spell levels left.
You knew the following spells:

 Your Spells              Type           Power        Failure   Level  Hunger
a - Sandblast             Erth           ###...       1%          1    #......

Your spell library contained the following spells:

 Spells                   Type           Power        Failure   Level  Hunger
 Stone Arrow              Conj/Erth      ##....       17%         3    ###....
 Passwall                 Tmut/Erth      ##......     7%          2    ###....
 Lee's Rapid Deconstruct  Erth           ###.......   45%         5    ######.
 Petrify                  Tmut/Erth      ##......     43%         4    #####..


Dungeon Overview and Level Annotations

Branches:
Dungeon (3/15)

Altars:


Innate Abilities, Weirdness & Mutations

You cannot wear most types of armour.
You are very stealthy in the water. (Stealth+)
You are amphibious.
You can wear up to eight rings at the same time.
You can use your tentacles to constrict eight enemies at once.
Your skin changes colour to match your surroundings (Stealth+).
Your rubbery body absorbs attacks. (AC +1, EV +1)


Message History

Aiming: Sandblast (safe; 1% risk of failure)
Press: ? - help, Shift-Dir - straight line, f - ice beast
Aim: an ice beast The blast of sand hits the ice beast.
The ice beast is moderately wounded.
b - 73 stones The ice beast hits you.
The ice beast freezes you!
* * * LOW HITPOINT WARNING * * *
Casting: Sandblast (safe; 1% risk of failure)
Confirm with . or Enter, or press ? or * to list all spells.
Aiming: Sandblast (safe; 1% risk of failure)
Press: ? - help, Shift-Dir - straight line, f/p - ice beast
Aim: an ice beast (moderately wounded)
The blast of sand hits the ice beast.
The ice beast is moderately wounded.
b - 72 stones The ice beast hits you.
* * * LOW HITPOINT WARNING * * *
The ice beast freezes you!
You die...

.##.#.#.# ........# ##
##.###### .. .# ##...#
#.###.# ####.#######
#.#.#.#.## # #.......#
#.#......#
##########.#
#.#.#.####
........##.###.#Y#...
........'..##..$@##.##
........#####....##.#
#....#### #.....#..
#.##.# #.####..# ?#
#.##.# #.......# .#
#.##.# #$###...#
#.##.# #.....#
#.##.########.#.......
#.#...........#.######


You could see an ice beast.

Vanquished Creatures
  3 gnolls (D:3)
  2 adders (D:2)
  An ooze (D:3)
  2 dart slugs (D:1)
  A leopard gecko (D:3)
  3 orcs (D:3)
  6 bats
  2 giant cockroaches (D:2)
  3 goblins
  12 hobgoblins
  6 jackals
  4 kobolds
  2 quokkas
  2 ball pythons
  3 frilled lizards
  5 rats
57 creatures vanquished.

Notes
Turn   | Place    | Note
-------+----------+-------------------------------------------
     0 | D:1      | inc the Octopode Earth Elementalist began the quest for the Orb.
     0 | D:1      | Reached XP level 1. HP: 11/11 MP: 3/3
   252 | D:1      | Reached XP level 2. HP: 16/17 MP: 5/5
   556 | D:1      | Reached skill level 4 in Earth Magic
   814 | D:1      | Reached XP level 3. HP: 20/21 MP: 6/6
  1564 | D:2      | Reached XP level 4. HP: 10/27 MP: 7/7
  1979 | D:3      | Reached skill level 5 in Earth Magic
  2371 | D:3      | Reached XP level 5. HP: 19/31 MP: 5/8
  2589 | D:3      | Noticed an ice beast
  2598 | D:3      | Slain by an ice beast

Vault maps used:
D:1:      minmay_arrival_split_and_join, serial_corexii_hall,
          corexii_hall_statues_t, corexii_hall_statues_i, palyth_stone_intersect
D:3:      minmay_cut_off

Skill      XL: |  1  2  3  4 |
---------------+-------------+-----
Earth Magic    | 4 5 |  5.6
Dodging        | |  2.0
Stealth        | |  2.6
Spellcasting   | |  2.0
Transmutations | |  1.0

Action                   |  1- 3 |  4- 6 || total
-------------------------+-------+-------++-------
Melee: Unarmed           |    75 |       ||    75
       Constrict         |    26 |     9 ||    35
       Tentacles         |    13 |     2 ||    15
       Short sword       |    11 |       ||    11
       Rapier            |     6 |    17 ||    23
       Dagger            |       |    11 ||    11
 Cast: Sandblast         |    13 |    12 ||    25
 Stab: Sleeping          |     7 |     6 ||    13
  Eat: Chunk             |     2 |     3 ||     5
Armor: Skin              |    16 |     1 ||    17
Dodge: Dodged            |    70 |    23 ||    93

Table legend:
 A = Spawn XP
 B = Non-spawn XP
 C = Spawn XP percentage of total XP
 D = Spawn monster count
 E = Non-spawn monster count
 F = Spawn count percentage of total count
 G = Total turns spent on level
                    A         B        C        D         E        F      G
               +---------+---------+-------+---------+---------+-------+---------
         Total |       0 |     174 |   0.0 |       0 |      57 |   0.0 |  2598
               +---------+---------+-------+---------+---------+-------+---------
           D:1 |       0 |      41 |   0.0 |       0 |      21 |   0.0 |   867
           D:2 |       0 |      57 |   0.0 |       0 |      20 |   0.0 |  1052
           D:3 |       0 |      76 |   0.0 |       0 |      16 |   0.0 |   679
               +---------+---------+-------+---------+---------+-------+---------
